 Dungeon Crawl Stone Soup version 0.25.1-2-g60ff931df9 (webtiles) character file.

Game seed: 15693674878206779779

24 Curus the Skirmisher (level 2, -3/26 HPs)
             Began as a Minotaur Abyssal Knight on Aug 31, 2020.
             Was a Believer of Lugonu.
             Killed from afar by an orc wizard (4 damage)
             ... with a magic dart
             ... on level 1 of the Dungeon.
             The game lasted 00:05:10 (1102 turns).

Curus the Skirmisher (Minotaur Abyssal Knight)      Turns: 1102, Time: 00:05:11

Health: -3/26      AC:  8    Str: 16    XL:     2   Next: 79%
Magic:  2/2        EV: 10    Int:  9    God:    Lugonu [**....]
Gold:   45         SH:  0    Dex:  9    Spells: 1/1 levels left

rFire    . . .     SeeInvis .   a - +1 mace
rCold    . . .     Gourm    .   (no shield)
rNeg     . . .     Faith    .   d - +0 ring mail
rPois    .         Spirit   .   (helmet restricted)
rElec    .         Reflect  .   (no cloak)
rCorr    .         Harm     .   g - +2 pair of gloves
MR       .....                  (no boots)
Stlth    ..........             (no amulet)
HPRegen  0.08/turn              (no ring)
MPRegen  0.08/turn              (no ring)

@: confused
A: retaliatory headbutt, horns 2
a: Depart the Abyss, Bend Space, Renounce Religion


You were on level 1 of the Dungeon.
You worshipped Lugonu.
Lugonu was pleased with you.
You were hungry.

You visited 1 branch of the dungeon, and saw 2 of its levels.
You visited the Abyss 1 time.

You collected 45 gold pieces.

Inventory:

Hand Weapons
 a - a +1 mace (weapon)
Armour
 b - a +0 leather armour
 d - a +0 ring mail (worn)
 g - a +2 pair of gloves (worn)
Scrolls
 e - a scroll of identify
Comestibles
 c - 3 rations


   Skills:
 - Level 3.6 Fighting
 + Level 3.3 Maces & Flails
 - Level 2.4 Armour
 - Level 1.1 Dodging
 + Level 2.6 Invocations


You had one spell level left.
You didn't know any spells.
Your spell library was empty.

Dungeon Overview and Level Annotations

Branches:
Dungeon (2/15)

Altars:


Innate Abilities, Weirdness & Mutations

You reflexively headbutt those who attack you in melee.
You have a pair of horns on your head.


Message History

You are confused.
Something hits you but does no damage.
The orc wizard hits you with a +0 dagger.
* * * LOW HITPOINT WARNING * * *
The orc wizard completely misses you.
You closely miss the orc wizard.
You headbutt the orc wizard, but do no damage.
The orc wizard is almost dead.
The orc wizard hits you but does no damage.
Something hits you but does no damage.
The orc wizard mumbles some strange words.
The orc wizard blinks!
The orc wizard points at you and mumbles some strange words.
You are more confused.
Something hits you.
* * * LOW HITPOINT WARNING * * *
You bump into the rock wall.
The orc wizard points at you and mumbles some strange words.
The magic dart hits you.
You die...

######## .......# ######.# #.#
##.###############
#####................# ##########
............).....##.# #.........
.####....########o##.# #.########
.# ##.#.#......@..#.# #.# .###
#.#..o#######.#.# #.# ##
...###.#...# #####.#.# #.# #.
.......#...###.....#.###.#######.
##.#####...#...♣.P...#...........
##.# ##....♣♣♣P.P..#.#.####.###
##.# ##...♣♣♣♣♣♣♣..#.#.# #.#
##.#####...♣♣♣PP♣P♣.##.#.# #.#
##.........♣P...♣♣....♣♣♣♣♣ #.#


You could see 2 orc wizards.

Vanquished Creatures
  A dart slug (D:1)
  2 leopard geckos (D:1)
  A giant cockroach (D:1)
  A goblin (D:1)
  2 hobgoblins (D:1)
  4 kobolds (D:1)
  3 bats (D:1)
  2 frilled lizards (D:1)
  7 rats (D:1)
23 creatures vanquished.

Notes
Turn   | Place    | Note
-------+----------+-------------------------------------------
     0 | Abyss:1  | Curus the Minotaur Abyssal Knight began the quest for the
                  | Orb.
     0 | Abyss:1  | Reached XP level 1. HP: 19/19 MP: 1/1
     9 | D:1      | Escaped the Abyss
   185 | D:1      | Reached XP level 2. HP: 18/26 MP: 2/2
   598 | D:1      | Reached ** piety under Lugonu
  1101 | D:1      | HP: 1/26 [something (3)]
  1102 | D:1      | Killed from afar by an orc wizard

Illustrated notes

Levels and vault maps discovered:
D:1:      tarquinn_simple_flora_water_b, layout_loops_ring, serial_forest,
          infiniplex_forest_lined_ring, infiniplex_forest_end_1,
          infiniplex_forest_clump_cross, infiniplex_forest_clump_long,
          minmay_tetromino_s2
D:2:      layout_basic, makhleb_heckhound_becter

Skill      XL: |  1 |
---------------+----+-----
Invocations    | 2 |  2.6
Maces & Flails | 3 |  3.3
Fighting       | |  3.6
Armour         | |  2.4
Dodging        | |  1.1

Action                   || total
-------------------------++-------
Melee: Mace              ||    59
       Headbutt          ||     5
  Use: Scroll            ||     2
Armor: Leather armour    ||     4
       Ring mail         ||    22
Dodge: Dodged            ||    32
